 Seeded DCSS version 0.27-a0-323-gbd089401bb (webtiles) character file.

Game seed: 20210211 (custom seed)

88 muata the Chiller (level 4, 0/30 HPs)
             Began as a Merfolk Ice Elementalist on Feb 11, 2021.
             Slain by an ice beast (10 damage)
             ... on level 2 of the Dungeon.
             The game lasted 00:06:08 (2542 turns).

muata the Chiller (Merfolk Ice Elementalist)        Turns: 2542, Time: 00:06:09

Health: 0/30       AC:  5    Str:  8    XL:     4   Next: 53%
Magic:  7/7        EV: 13    Int: 15    God:
Gold:   106        SH:  0    Dex: 14    Spells: 7/8 levels left

rFire    . . .     SeeInvis .   s - +0 whip (elec)
rCold    . . .     Faith    .   (no shield)
rNeg     . . .     Spirit   .   a - +0 robe
rPois    .         Reflect  .   q - +1 helmet
rElec    .         Harm     .   (no cloak)
rCorr    .         Rampage  .   i - +0 pair of gloves
Will     .....                  (no boots)
Stlth    ++........             (no amulet)
HPRegen  0.10/turn              (no ring)
MPRegen  0.10/turn              (no ring)

@: no status effects
A: change form in water, swift swim, stealthy swim
a: no special abilities


You were on level 2 of the Dungeon.
You visited 1 branch of the dungeon, and saw 2 of its levels.

You collected 106 gold pieces.

Inventory:

Hand Weapons
 b - a +0 dagger
 s - a +0 whip of electrocution (weapon)
Missiles
 h - 32 stones
 p - 3 atropa-tipped darts
Armour
 a - a +0 robe (worn)
 i - a +0 pair of gloves (worn)
 q - a +1 helmet (worn)
Wands
 k - a wand of flame (6) (quivered)
Scrolls
 c - a scroll of amnesia {unknown}
 d - 3 scrolls of magic mapping {unknown}
 e - a scroll of fear {unknown}
 f - 3 scrolls of identify {unknown}
 l - a scroll of blinking {unknown}
 o - a scroll of immolation {unknown}
 r - a scroll of random uselessness {unknown}
Potions
 g - 2 potions of heal wounds {unknown}
 j - a potion of resistance {unknown}
 m - 2 potions of curing {unknown}
 n - a potion of invisibility {unknown}


   Skills:
 + Level 3.6 Dodging
 + Level 3.1 Stealth
 + Level 2.6 Spellcasting
 + Level 5.2 Ice Magic


You had 7 spell levels left.
You knew the following spells:

 Your Spells              Type           Power        Failure   Level
a - Freeze                Ice            68%          2%          1

Your spell library contained the following spells:

 Spells                   Type           Power        Failure   Level
 Frozen Ramparts          Ice            34%          8%          3
 Ozocubu's Armour         Ice            17%          8%          3
 Hailstorm                Conj/Ice       9%           56%         4
 Summon Ice Beast         Ice/Summ       9%           56%         4


Dungeon Overview and Level Annotations

Branches:
Dungeon (2/15)

Altars:


Message History

Aim: an ice beast (32% to evade)
The puff of flame hits the ice beast.
The ice beast melts!
The ice beast is lightly wounded.
The ice beast hits you. The ice beast freezes you!
Aiming: Throw Flame
Press: ? - help, Q - select action, (/) - cycle Shift-Dir - straight line, f/p - ice beast
Aim: an ice beast (lightly wounded, 32% to evade)
The puff of flame hits the ice beast but does no damage.
The ice beast is lightly wounded.
The ice beast misses you.
Aiming: Throw Flame
Press: ? - help, Q - select action, (/) - cycle Shift-Dir - straight line, f/p - ice beast
Aim: an ice beast (lightly wounded, 32% to evade)
The puff of flame hits the ice beast.
The ice beast melts!
The ice beast is moderately wounded.
The ice beast barely misses you.
Aiming: Throw Flame
Press: ? - help, Q - select action, (/) - cycle Shift-Dir - straight line, f/p - ice beast
Aim: an ice beast (moderately wounded, 32% to evade)
The puff of flame hits the ice beast!
The ice beast melts!
The ice beast is severely wounded.
The ice beast hits you but does no damage.
Aiming: Throw Flame
Press: ? - help, Q - select action, (/) - cycle Shift-Dir - straight line, f/p - ice beast
Aim: an ice beast (severely wounded, 32% to evade)
The puff of flame hits the ice beast but does no damage.
The ice beast is severely wounded.
The ice beast hits you but does no damage.
Aiming: Throw Flame
Press: ? - help, Q - select action, (/) - cycle Shift-Dir - straight line, f/p - ice beast
Aim: an ice beast (severely wounded, 32% to evade)
The puff of flame misses the ice beast.
The ice beast barely misses you.
Unknown command.
Aiming: Throw Flame
Press: ? - help, Q - select action, (/) - cycle Shift-Dir - straight line, f/p - ice beast
Aim: an ice beast (severely wounded, 32% to evade)
The puff of flame misses the ice beast.
The ice beast hits you. The ice beast freezes you!
You die...

##.# #.##.....# ##.#
#.##.....# #..# #.##.#(###
.†## #.##!#(# #.# #
#.##.#(## #.#.##
##.##..(.######
#.#b.#####...#..(......#
..#PP#.......##.Y.####.#
..#PP#####...###@## #.#
..#.. ####....# #.# ..#P
#.#### #.# ..#.# #.# #.#
..### #.#### #.#
..###########....# #.#####
...........#####.#####.....#
.#########..........####.#)#
.# #.#####....# ##.#.#


You could see an ice beast.

Vanquished Creatures
  3 adders (D:2)
  An ooze (D:2)
  A worm (D:2)
  2 dart slugs (D:1)
  3 leopard geckos
  A ball python (D:1)
  6 giant cockroaches
  7 goblins
  6 hobgoblins
  2 jackals (D:1)
  3 bats
  A frilled lizard (D:2)
  A kobold (D:2)
  7 rats
44 creatures vanquished.

Notes
Turn   | Place    | Note
-------+----------+-------------------------------------------
     0 | D:1      | muata the Merfolk Ice Elementalist began the quest for the
                  | Orb.
     0 | D:1      | Reached XP level 1. HP: 13/13 MP: 3/3
   108 | D:1      | Reached XP level 2. HP: 15/19 MP: 3/5
   812 | D:1      | Reached XP level 3. HP: 14/24 MP: 0/6
  1500 | D:2      | Reached skill level 5 in Ice Magic
  1720 | D:2      | Reached XP level 4. HP: 30/30 MP: 7/7
  2181 | D:2      | Noticed an ice beast
  2542 | D:2      | Slain by an ice beast

Illustrated notes

Levels and vault maps discovered:
D:1:      psy_arrival_terrarium, layout_basic, hangedman_decor_slide_cut,
          amcnicky_mini_rare_corridor_liquid
D:2:      layout_loops_ring, serial_aquarium, aquarium_bridge_square
          [aquarium_subvault_bridge, aquarium_subvault_window,
          aquarium_subvault_window, aquarium_subvault_wall],
          aquarium_bridge_straight [aquarium_subvault_bridge,
          aquarium_subvault_wall, aquarium_subvault_bridge,
          aquarium_subvault_wall], aquarium_window_2, aquarium_window_1,
          aquarium_window_1, aquarium_window_fake, aquarium_view_2e,
          aquarium_view_2f, aquarium_pool_2

Skill      XL: |  1  2  3  4 |
---------------+-------------+-----
Dodging        | 3 |  3.6
Ice Magic      | 5 |  5.2
Stealth        | 3 |  3.1
Spellcasting   | |  2.6

Action                   |  1- 3 |  4- 6 || total
-------------------------+-------+-------++-------
Melee: Dagger            |    74 |    20 ||    94
Throw: Dart              |       |     5 ||     5
 Cast: Freeze            |    45 |    14 ||    59
Evoke: Wand              |       |     8 ||     8
 Stab: Sleeping          |     4 |     1 ||     5
Armor: Robe              |    26 |     9 ||    35
Dodge: Dodged            |    79 |    20 ||    99

Table legend: (Time is in decaauts)
 A = Elapsed time spent in this place.
 B = Non-inter-level travel time spent in this place.
 C = Inter-level travel time spent in this place.
 D = Time resting spent in this place.
 E = Time spent auto-exploring this place.
 F = Levels seen in this place.
 G = Mean time per level.
                   A        B        C        D        E       F      G
               +--------+--------+--------+--------+--------+-----+--------+
         Total |   2541 |   2486 |     55 |    539 |   1371 |   2 | 1270.5 |
       Dungeon |   2541 |   2486 |     55 |    539 |   1371 |   2 | 1270.5 |
               +--------+--------+--------+--------+--------+-----+--------+

Top non-repeatable levels by time:
     D:1: 1405 daAuts
     D:2: 1136 daAuts
